 Dungeon Crawl Stone Soup version 0.27-a0-562-g0d39f094a4 (webtiles) character file.

Game seed: 13237093721579185385

0 porpoise the Sneak (level 1, 0/20 HPs)
             Began as a Minotaur Delver on Mar 9, 2021.
             Slain by an orc
             ... wielding a +0 dagger
              (1 damage)
             ... on level 5 of the Dungeon.
             The game lasted 00:01:26 (35 turns).

porpoise the Sneak (Minotaur Delver)                  Turns: 35, Time: 00:01:26

Health: 0/20       AC:  3    Str: 16    XL:     1   Next: 8%
Magic:  0/0        EV: 11    Int:  7    God:
Gold:   0          SH:  0    Dex: 11    Spells: 0/0 levels left

rFire    . . .     SeeInvis .   a - +0 mace
rCold    . . .     Faith    .   (no shield)
rNeg     . . .     Spirit   .   b - +0 leather armour
rPois    .         Reflect  .   (helmet restricted)
rElec    .         Harm     .   (no cloak)
rCorr    .         Rampage  .   (no gloves)
Will     .....                  (no boots)
Stlth    ++........             (no amulet)
HPRegen  0.06/turn              (no ring)
MPRegen  0.07/turn              (no ring)

@: no status effects
A: horns 2, retaliatory headbutt
a: no special abilities


You were on level 5 of the Dungeon.
You visited 1 branch of the dungeon, and saw 1 of its levels.

Inventory:

Hand Weapons
 a - a +0 mace (weapon)
Missiles
 h - 3 boomerangs (quivered)
 i - 22 bolts
Armour
 b - a +0 leather armour (worn)
Wands
 g - a wand of digging (3)
Scrolls
 c - a scroll of fog
 d - a scroll of magic mapping
 e - a scroll of fear
 j - a scroll of amnesia {unknown}
Potions
 f - a potion of haste


   Skills:
 + Level 3.6 Fighting
 + Level 2.4 Maces & Flails
 - Level 2.1 Dodging
 - Level 4.1 Stealth


You couldn't memorise any spells.
You didn't know any spells.
Your spell library was empty.

Dungeon Overview and Level Annotations

Branches:
Dungeon (5/15)
 Temple: D:4-7

Altars:


Innate Abilities, Weirdness & Mutations

You have a pair of horns on your head.
You reflexively headbutt those who attack you in melee.


Message History

Found 3 boomerangs and 9 arrows.
Found a stone staircase leading down.
Unknown command.
Unknown command.
You don't know any spells.
Unknown command.
Your library has no spells.
You don't know any spells.
Found a scroll labelled SAHOFU WAUSO.
Found 22 bolts.
A jackal skeleton comes into view.
Found an escape hatch in the floor.
You see here 3 boomerangs.
h - 3 boomerangs The jackal skeleton barely misses you.
You sock the jackal skeleton!
You destroy the jackal skeleton!
i - 22 bolts
There is a stone staircase leading down here.
j - a scroll labelled SAHOFU WAUSO You open the door.
There is an open door here.
An orc comes into view. It is wielding a +0 flail.
An orc comes into view. It is wielding a +0 dagger.
The orc moves out of view.
An orc comes into view. It is wielding a +0 hand axe.
An orc priest comes into view. It is wielding a +0 trident.
The orc shouts!
You hear a shout!
The orc priest shouts!
The orc hits you but does no damage.
The orc priest hits you from afar with a +0 trident.
You barely miss the orc. Your headbutt misses the orc.
The orc hits you but does no damage.
You hit the orc.
The orc is almost dead.
The orc barely misses you.
The orc priest invokes the aid of Beogh against you.
Beogh smites you!
Ouch! That really hurt!
* * * LOW HITPOINT WARNING * * *
The orc hits you with a +0 dagger.
You die... #. .# ##.##.# ...... ..#.#.# ### #.#.#.# #.. ####.#.#.###.###.## .............. oo.

...##..#.###.# #o#
......>#.###.# #@#
....##.#.#...# #.#
.............# #.#
....#..#.....###.#####.#
....#..#.....'.........#
....#..##....###########
###.#........#
#.#...#.#### #...#..


You could see an orc priest and 2 orcs.

Vanquished Creatures
  A jackal skeleton (D:5)
1 creature vanquished.

Notes
Turn   | Place    | Note
-------+----------+-------------------------------------------
     0 | D:5      | porpoise the Minotaur Delver began the quest for the Orb.
     0 | D:5      | Reached XP level 1. HP: 19/19 MP: 0/0
    30 | D:5      | Noticed an orc priest
    35 | D:5      | HP: 1/20 [orc priest/divine providence (15)]
    35 | D:5      | Slain by an orc

Illustrated notes

Levels and vault maps discovered:
D:5:      kennysheep_windowed_halls, layout_basic, uniq_eustachio

Action                   || total
-------------------------++-------
Melee: Mace              ||     3
Armor: Leather armour    ||     2
Dodge: Dodged            ||     2

Table legend: (Time is in decaauts)
 A = Elapsed time spent in this place.
 B = Non-inter-level travel time spent in this place.
 C = Inter-level travel time spent in this place.
 D = Time resting spent in this place.
 E = Time spent auto-exploring this place.
 F = Levels seen in this place.
 G = Mean time per level.
                   A        B        C        D        E       F      G
               +--------+--------+--------+--------+--------+-----+--------+
         Total |     35 |     35 |      0 |      0 |      0 |   1 |   35.0 |
       Dungeon |     35 |     35 |      0 |      0 |      0 |   1 |   35.0 |
               +--------+--------+--------+--------+--------+-----+--------+

Top non-repeatable levels by time:
     D:5: 35 daAuts
